 Dungeon Crawl Stone Soup version 0.31-a0-1626-g5cb510d322 (webtiles) character file.

Game seed: 3142896111246914029

548 Laraso the Magician (level 7, 28/50 HPs)
             Began as a Yellow Draconian Fire Elementalist on Jan 12, 2024.
             Quit the game on level 3 of the Dungeon.
             The game lasted 00:03:31 (2038 turns).

Laraso the Magician (DrFE)                          Turns: 2038, Time: 00:03:31

Health: 28/50      AC:  6    Str: 10    XL:     7   Next: 7%
Magic:  5/17       EV: 12    Int: 18    God:
Gold:   88         SH:  0    Dex: 11    Spells: 17/20 levels left

rFire   . . .        o - +0 whip
rCold   . . .        (no shield)
rNeg    . . .        (body armour unavailable)
rPois   +            (helmet restricted)
rElec   .            (no cloak)
rCorr   +            (no gloves)
SInv    .            (no boots)
Will    .....        i - amulet of regeneration
Stlth   ++           l - ring of wizardry
HPRegen 1.08/turn    n - ring of poison resistance
MPRegen 0.15/turn

%: wizardry (x1)
@: quite poisoned (28 -> 12)
A: spit acid, AC +6, unfitting armour, cold-blooded, acid resistance
a: Breathe Acid


You were on level 3 of the Dungeon.
You visited 1 branch of the dungeon, and saw 3 of its levels.

You collected 88 gold pieces.

Inventory:

Hand Weapons
 o - a +0 whip (weapon)
Jewellery
 i - an amulet of regeneration (around neck)
 l - a ring of wizardry (left hand)
 n - a ring of poison resistance (right hand)
Scrolls
 b - 3 scrolls of identify {unknown}
 e - a scroll of fog {unknown}
 f - a scroll of fear {unknown}
 h - a scroll of teleportation {unknown}
 k - a scroll of blinking {unknown}
Potions
 a - a potion of magic
 c - 2 potions of enlightenment {unknown}
 d - a potion of haste {unknown}
 g - a potion of ambrosia {unknown}
 j - a potion of resistance {unknown}
 m - a potion of attraction {unknown}


   Skills:
 - Level 1.7 Dodging
 - Level 1.7 Stealth
 * Level 7.2 Spellcasting
 - Level 1.0 Conjurations
 - Level 3.0 Fire Magic


You had 17 spell levels left.
You knew the following spells:

 Your Spells              Type           Power      Damage    Failure   Level
a - Foxfire               Conj/Fire      52%        2x1d6     1%          1
b - Scorch                Fire           34%        2d6       1%          2

Your spell library contained the following spells:

 Spells                   Type           Power      Damage    Failure   Level
 Inner Flame              Hex/Fire       11%        N/A       7%          3
 Volatile Blastmotes      Fire/Tloc      22%        2d11      7%          3
 Flame Wave               Conj/Fire      13%        2d6       19%         4


Dungeon Overview and Level Annotations

Branches:
Dungeon (3/15)

Altars:

Shops:
D:2 *


Innate Abilities, Weirdness & Mutations

You can spit globs of acid.
Your golden yellow scales are hard. (AC +6)
You cannot fit into any form of body armour.
You are cold-blooded and may be slowed by cold attacks.
You are resistant to acid. (rCorr)


Message History

Things that are here:
a +0 war axe; an orc corpse
Items here: )) [ †.
You start resting.
Magic restored.
Found 3 stones.
A bombardier beetle comes into view.
A bombardier beetle is nearby!
A bombardier beetle is nearby!
Flames lash the bombardier beetle.
The bombardier beetle is lightly wounded.
The bombardier beetle's fire resistance burns away.
A water moccasin comes into view.
Flames lash the water moccasin.
The water moccasin is moderately wounded.
The water moccasin's fire resistance burns away.
The water moccasin misses you.
The water moccasin attacks as it pursues you!
The water moccasin bites you.
Flames lash the water moccasin.
The water moccasin is burned terribly!
The water moccasin is severely wounded.
The bombardier beetle is no longer more vulnerable to fire.
The water moccasin barely misses you.
Flames lash the bombardier beetle.
The bombardier beetle is heavily wounded.
The bombardier beetle's fire resistance burns away.
The water moccasin bites you!
You are poisoned.
The water moccasin poisons you! The water moccasin bites you.
You are more poisoned.
The water moccasin poisons you!
Flames lash the water moccasin.
The water moccasin is burned terribly!
You kill the water moccasin!
You feel extremely sick.
Your Spellcasting skill increases to level 7!
You have reached level 7!
Your scales start taking on a golden yellow colour.
You can spit globs of acid.
You feel resistant to acid.
Are you sure you want to abandon this character and quit the game? (Confirm with "yes".)

#. #. #.### #.... # .$.#
.# #.##..# # #.†B..# #.
#@###.# #. #.###(#
####.#### #####.....###
#<......####............
#.......#........#######
#.......#........#
#......<#.......##
#.....).).).....#
#.......#.......#


You could see a bombardier beetle (combustible).

Vanquished Creatures
  Grinder (D:3)
  Sigmund (D:2)
  A water moccasin (D:3)
  An orc priest (D:3)
  An adder (D:2)
  2 ribbon worms (D:2)
  A dart slug (D:2)
  2 orcs (D:3)
  5 bats
  4 endoplasms
  A hobgoblin (D:2)
  A jackal (D:2)
  A kobold (D:2)
  3 quokkas
  3 ball pythons
  A frilled lizard (D:2)
  8 goblins
  3 rats
40 creatures vanquished.

Vanquished Creatures (others)
  85 foxfires
85 creatures vanquished.

Grand Total: 125 creatures vanquished

Notes
Turn   | Place    | Note
-------+----------+-------------------------------------------
     0 | D:1      | Laraso the Draconian Fire Elementalist began the quest for
                  | the Orb.
     0 | D:1      | Reached XP level 1. HP: 14/14 MP: 3/3
   316 | D:1      | Reached XP level 2. HP: 16/20 MP: 0/5
   999 | D:2      | Reached skill level 3 in Spellcasting
  1075 | D:2      | Found Vofayf's General Store.
  1119 | D:2      | Noticed Sigmund
  1203 | D:2      | Reached XP level 3. HP: 26/26 MP: 3/7
  1206 | D:2      | Learned a level 2 spell: Scorch
  1561 | D:2      | Identified the +3 leather armour "Qubbotou" {rF++ Dex+2}
  1624 | D:2      | Killed Sigmund
  1625 | D:2      | Reached skill level 5 in Spellcasting
  1625 | D:2      | Reached XP level 4. HP: 33/33 MP: 0/11
  1625 | D:2      | Reached XP level 5. HP: 38/38 MP: 0/12
  1803 | D:3      | Noticed Grinder
  1904 | D:3      | Killed Grinder
  1905 | D:3      | Reached skill level 6 in Spellcasting
  1905 | D:3      | Reached XP level 6. HP: 27/45 MP: 1/15
  2032 | D:3      | Noticed a water moccasin
  2037 | D:3      | Killed a water moccasin
  2038 | D:3      | Reached skill level 7 in Spellcasting
  2038 | D:3      | Your scales start taking on a golden yellow colour.
  2038 | D:3      | Reached XP level 7. HP: 28/50 MP: 5/17
  2038 | D:3      | Gained mutation: You are resistant to acid. (rCorr) [Yellow
                  | Draconian growth]
  2038 | D:3      | Quit the game

Illustrated notes

Levels and vault maps discovered:
D:1:      dpeg_arrival_boxorama, layout_basic
D:2:      layout_rooms, serial_shops, nicolae_square_shop,
          minmay_tiny_reverse_x, uniq_sigmund
D:3:      layout_loops_ring, uniq_crazy_yiuf_cottage, uniq_grinder, uniq_terence

Skill      XL: |  1  2  3  4  5  6 |
---------------+-------------------+-----
Spellcasting   | 3 5 6 7 |  7.2
Dodging        | |  1.7
Stealth        | |  1.7
Conjurations   | |  1.0
Fire Magic     | |  3.0

Action                     |  1- 3 |  4- 6 |  7- 9 || total
---------------------------+-------+-------+-------++-------
  Melee: Unarmed           |    11 |       |       ||    11
         Dagger            |    14 |       |       ||    14
         Tailslap          |     5 |     1 |       ||     6
         Punch             |     1 |       |       ||     1
         Whip              |    28 |     1 |       ||    29
   Cast: Foxfire           |    42 |     3 |       ||    45
         Scorch            |     4 |    19 |       ||    23
   Stab: Sleeping          |     2 |       |       ||     2
 Armour: Skin              |    44 |     7 |       ||    51
  Dodge: Dodged            |    53 |     4 |       ||    57

Table legend: (Time is in decaauts)
 A = Elapsed time spent in this place.
 B = Non-inter-level travel time spent in this place.
 C = Inter-level travel time spent in this place.
 D = Time resting spent in this place.
 E = Time spent auto-exploring this place.
 F = Levels seen in this place.
 G = Mean time per level.
                   A        B        C        D        E       F      G
               +--------+--------+--------+--------+--------+-----+--------+
         Total |   2039 |   2004 |     35 |    348 |   1188 |   3 |  679.7 |
       Dungeon |   2039 |   2004 |     35 |    348 |   1188 |   3 |  679.7 |
               +--------+--------+--------+--------+--------+-----+--------+

Top non-repeatable levels by time:
     D:2: 986 daAuts
     D:1: 894 daAuts
     D:3: 158 daAuts
